cohdb
Replays
Latest Replays
All Replays
Popular Replays
Top Player Replays
Match Explorer
How It Works
Community
CoH3 Stats
Reddit
Sign in to upload your games and track your stats! →
Sign in with Steam
Match 47342586
Unlisted
Match 47342586
Overview
Messages
Build Orders
End
Selects Italian Combined Arms Battlegroup
Selects Bersaglieri Squad
Bersaglieri Squad
Panzerpioneer Squad
Bersaglieri Squad
Construct Light Support Kompanie
2.5-tonne Medical Truck
Panzerpioneer Squad
Construct Mechanized Kompanie
Support Armor Elements
StuG III D Assault Gun
zintoko
frooooodoooooooo
Tuqiu
noseedsnostems
VeldrinArmy
angel.18110025
0
0
Comments
sign in to comment!
No comments posted yet!